 Dungeon Sprint DCSS version 0.16-a0-3943-gb4b81e6 (webtiles) character file.

872 BluebellGnoll the Unseen (level 7, 36/39 HPs)
             Began as a Spriggan Enchanter on Feb 8, 2015.
             Quit the game in the Dungeon (Sprint II: "The Violet Keep of Menkaure").
             The game lasted 00:02:32 (389 turns).

BluebellGnoll the Unseen (Spriggan Enchanter)        Turns: 389, Time: 00:02:32

Health: 36/39      AC:  3    Str:  4      XL:     7   Next: 74%
Magic:  0/19       EV: 18    Int: 17 (19) God:
Gold:   729        SH:  0    Dex: 16      Spells: 4 memorised, 3 levels left

rFire  . . .     SeeInvis +     a - +1 dagger
rCold  . . .     Clarity  .     b - +1 robe
rNeg   . . .     SustAb   .     (shield restricted)
rPois  .         Gourm    .     (helmet restricted)
rElec  .         Spirit   .     (no cloak)
rCorr  .         Warding  .     (gloves unavailable)
rMut   .         NoTele   +     (boots unavailable)
MR     +....                    (no amulet)
Stlth  +++++++++.               (no ring)
                                (no ring)

@: very slightly contaminated, very quick, somewhat resistant to hostile
enchantments, incredibly stealthy
A: unfitting armour, see invisible, herbivore 3, speed 3, slow metabolism 2
a: no special abilities


You were in the Dungeon.
You were not hungry.

You visited 1 branch You collected 729 gold pieces.

Inventory:

Hand weapons
 a - a +1 dagger (weapon)
Armour
 b - a +1 robe (worn)
Scrolls
 j - a scroll of blinking
Potions
 e - a potion of curing
 f - a potion of heal wounds
 h - 2 potions of magic
Books
 c - a book of Maledictions

   Spells                             Type                      Level
   a - Corona                         Hexes                        1
   b - Sure Blade                     Hexes/Charms                 2
   c - Ensorcelled Hibernation        Hexes/Ice                    2
   d - Confuse                        Hexes                        3
   e - Dazzling Spray                 Conjuration/Hexes            3
   f - Enslavement                    Hexes                        4
Comestibles
 d - a bread ration


   Skills:
 - Level 5.9 Fighting
 - Level 7.1 Short Blades
 - Level 3.0 Dodging
 - Level 19.8 Stealth
 * Level 2.6 Spellcasting
 + Level 3.6 Hexes


You had 3 spell levels left.
You knew the following spells:

 Your Spells              Type           Power        Failure   Level  Hunger
a - Corona                Hex            ##.....      4%          1    #......
b - Ensorcelled Hibernat  Hex/Ice        #.....       17%         2    ##.....
c - Confuse               Hex            ##......     14%         3    ###....
d - Sure Blade            Hex/Chrm       #.........   17%         2    ##.....


Dungeon Overview and Level Annotations

Branches:
Dungeon (1/1)

Altars:


Innate Abilities, Weirdness & Mutations

You are tiny and cannot use many weapons and most armour.
You have supernaturally acute eyesight.
You are a herbivore.
You cover ground extremely quickly.
You need consume almost no food.


Message History

Confirm with . or Enter, or press ? or * to list all spells.
Aiming: Confuse
Press: ? - help, Shift-Dir - straight line, f/p - necrophage
Aim: a necrophage (moderately damaged, chance 28%)
The necrophage easily resists.
The necrophage hits you.
You hit the necrophage.
The necrophage is moderately damaged.
You closely miss the necrophage.
The necrophage is moderately damaged.
You hit the necrophage.
The necrophage is heavily damaged.
The necrophage barely misses you.
Casting: Confuse
Confirm with . or Enter, or press ? or * to list all spells.
Aiming: Confuse
Press: ? - help, Shift-Dir - straight line, f - necrophage, p - necrophage
Aim: a necrophage (chance 28%)
The necrophage easily resists.
The necrophage barely misses you. The necrophage completely misses you.
Are you sure you want to abandon this character and quit the game? (Confirm with "yes".)

#### ##
#@n##.#
####nn.# #
#†###'##
.##
#.##n##...#
##'.n.'n#
#.##.##n..#
#.###'##
.##
####...## #
#..#).#


You could see 4 necrophages.

Vanquished Creatures
  A siren (D)
  2 hippogriffs (D)
  4 brain worms (D)
7 creatures vanquished.

Notes
Turn   | Place    | Note
--------------------------------------------------------------
     0 | D        | BluebellGnoll, the Spriggan Enchanter, began the quest for the Orb.
     0 | D        | Reached XP level 1. HP: 9/9 MP: 4/4
     1 | D        | Noticed a brain worm
     1 | D        | Noticed a brain worm
     1 | D        | Noticed a brain worm
     1 | D        | Noticed a brain worm
     5 | D        | Killed a brain worm
     5 | D        | Reached skill level 12 in Stealth
     5 | D        | Reached XP level 2. HP: 13/13 MP: 7/7
     5 | D        | Reached XP level 3. HP: 16/16 MP: 9/9
     5 | D        | Reached XP level 4. HP: 21/21 MP: 12/12
    10 | D        | Killed a brain worm
    10 | D        | Reached XP level 5. HP: 22/28 MP: 14/14
    14 | D        | Killed a brain worm
    16 | D        | Killed a brain worm
    16 | D        | Reached skill level 5 in Fighting
    16 | D        | Reached XP level 6. HP: 20/36 MP: 17/17
    27 | D        | Learned a level 2 spell: Ensorcelled Hibernation
    31 | D        | Learned a level 3 spell: Confuse
    34 | D        | Learned a level 2 spell: Sure Blade
   194 | D        | Noticed a hippogriff
   194 | D        | Noticed a hippogriff
   197 | D        | Killed a hippogriff
   197 | D        | Reached skill level 15 in Stealth
   200 | D        | Killed a hippogriff
   200 | D        | Reached skill level 17 in Stealth
   200 | D        | Reached XP level 7. HP: 39/39 MP: 19/19
   212 | D        | Noticed a siren
   226 | D        | Killed a siren
   226 | D        | Reached skill level 19 in Stealth
   371 | D        | Noticed a necrophage
   371 | D        | Noticed a necrophage
   371 | D        | Noticed a necrophage
   371 | D        | Noticed a necrophage
   389 | D        | Quit the game

Action                   |  1- 3 |  4- 6 |  7- 9 || total
-------------------------+-------+-------+-------++-------
Melee: Dagger            |     2 |    13 |     7 ||    22
 Cast: Confuse           |       |       |    11 ||    11
       Ensorcelled Hiber |       |       |     1 ||     1
  Use: Potion            |     1 |       |     1 ||     2
 Stab: Sleeping          |     1 |     2 |     1 ||     4
